AoeStats
← WENDIGO

Arabia

510408055Analyzed
1v1 RM · 11h ago on Sep 30, 2026· 38m 7s· 2 players
Game mode
Random Map
Map size
Tiny (2 player)
Population
200
Speed
Normal
Resources
Standard
Victory
Conquest
Starting age
Dark Age
Ending age
Imperial Age
RankedLock teamsTeams togetherTeam positionsShared explorationLock speedFull tech treeHidden civsTurbo modeCheats
Victory
Defeat
🇲🇽 Inca · Mexico
824
+15
🇧🇷 Huns · Brazil
796
-15
torresanieduardo
3:22 Loom
27:28 Feudal Age
29:15 Wheelbarrow
31:30 Horse Collar
33:20 Double-Bit Axe
35:35 Gold Mining
36:29 Man-at-Arms
WENDIGO
4:21 Loom
14:13 Feudal Age
29:10 Wheelbarrow
30:31 Double-Bit Axe
30:49 Horse Collar
30:48 Champi Runner
36:54 Castle Age
35:58 Fletching
Connection lost

Rejoining the realm…

Still unreachable

The connection could not be restored.

Session expired

The server has moved on; the page needs a fresh start.